AoeStats
← hadogear

Arabian Desert

508867874Analyzed
1v1 RM · 7d ago on Sep 24, 2026· 66m 31s· 2 players
Game mode
Random Map
Map size
Tiny (2 player)
Population
200
Speed
Normal
Resources
Standard
Victory
Conquest
Starting age
Dark Age
Ending age
Imperial Age
RankedLock teamsTeams togetherTeam positionsShared explorationLock speedFull tech treeHidden civsTurbo modeCheats
Victory
Defeat
🇹🇷 Persians · Türkiye
181
+15
🇪🇸 Sicilians · Spain
168
-15
hadogear
3:36 Loom
12:57 Feudal Age
13:35 Double-Bit Axe
13:33 Horse Collar
25:56 Bloodlines
28:00 Castle Age
26:51 Forging
26:49 Scale Mail Armor
27:13 Fletching
29:29 Bow Saw
30:07 Wheelbarrow
31:57 Hand Cart
33:51 Town Watch
34:27 Gold Mining
36:30 Heavy Plow
38:33 Town Patrol
42:04 Imperial Age
42:18 First Crusade
44:44 Iron Casting
44:12 Bodkin Arrow
44:19 Scale Mail Armor
44:16 Cavalier
44:59 Husbandry
45:11 Bloodlines
46:09 Chemistry
46:47 Gold Shaft Mining
47:49 Blast Furnace
46:56 Scale Barding Armor
47:52 Conscription
49:11 Elite Serjeant
50:15 Stone Mining
51:13 Hoardings
51:19 Arson
51:36 Squires
50:57 Pikeman
50:58 Man-at-Arms
52:49 Herbal Medicine
53:40 Stone Shaft Mining
53:34 Ballistics
53:11 Murder Holes
53:39 Masonry
52:59 Halberdier
56:31 Chain Mail Armor
63:49 Plate Mail Armor
barisimbas
0:38 Loom
10:53 Feudal Age
12:55 Double-Bit Axe
22:19 Castle Age
24:13 Town Watch
25:01 Horse Collar
33:20 Imperial Age
35:22 Elite War Elephant
36:38 Heavy Plow
39:56 Wheelbarrow
41:44 Hoardings
Connection lost

Rejoining the realm…

Still unreachable

The connection could not be restored.

Session expired

The server has moved on; the page needs a fresh start.